AoeStats
← Zumoshi

Arena

507027745Analyzed
1v1 RM · 17d ago on Sep 16, 2026· 56m 32s· 2 players
Game mode
Random Map
Map size
Tiny (2 player)
Population
200
Speed
Normal
Resources
Standard
Victory
Conquest
Starting age
Dark Age
Ending age
Imperial Age
RankedLock teamsTeams togetherTeam positionsShared explorationLock speedFull tech treeHidden civsTurbo modeCheats
Victory
Defeat
🇨🇦 Magyars · Canada
1045
+18
🇮🇱 Spanish · Israel
1087
-18
Zumoshi
8:47 Loom
10:32 Feudal Age
12:20 Loom
15:05 Castle Age
13:53 Double-Bit Axe
16:25 Bow Saw
24:08 Gold Mining
24:22 Padded Archer Armor
24:10 Horse Collar
26:51 Wheelbarrow
27:33 Leather Archer Armor
27:24 Husbandry
29:45 Bloodlines
29:50 Stone Mining
34:59 Imperial Age
32:46 Light Cavalry
35:59 Scale Barding Armor
36:04 Forging
36:04 Inquisition
36:09 Elite Conquistador
37:12 Conscription
37:36 Heavy Plow
37:52 Hand Cart
37:22 Town Watch
38:00 Ballistics
38:23 Ring Archer Armor
39:11 Hoardings
38:01 Hussar
40:16 Chemistry
39:14 Murder Holes
39:32 Masonry
41:43 Chain Barding Armor
41:58 Iron Casting
41:40 Fortified Wall
42:50 Hoardings
42:16 Cavalier
43:38 Plate Barding Armor
43:03 Elite Skirmisher
43:49 Thumb Ring
45:40 Paladin
47:43 Fletching
48:38 Bodkin Arrow
51:15 Bracer
52:16 Blast Furnace
51:20 Bracer
You're so biboo tax
8:01 Loom
9:27 Loom
11:18 Feudal Age
12:35 Horse Collar
17:10 Castle Age
16:56 Gold Mining
16:56 Stone Mining
16:57 Double-Bit Axe
17:57 Light Cavalry
26:25 Fletching
27:44 Bow Saw
27:37 Heavy Plow
28:15 Gold Mining
28:15 Stone Mining
29:31 Wheelbarrow
28:41 Town Watch
30:03 Gold Shaft Mining
32:11 Imperial Age
30:11 Corvinian Army
30:55 Bloodlines
30:45 Husbandry
30:56 Bloodlines
30:46 Husbandry
30:56 Bloodlines
30:46 Husbandry
30:47 Bodkin Arrow
31:27 Masonry
31:26 Scale Barding Armor
31:21 Padded Archer Armor
32:16 Ballistics
32:45 Gold Shaft Mining
32:47 Chain Barding Armor
34:17 Bracer
36:42 Chemistry
35:48 Siege Engineers
36:59 Conscription
37:55 Recurve Bow
38:39 Hand Cart
39:43 Two-Man Saw
38:28 Elite Magyar Huszar
40:32 Plate Barding Armor
40:13 Leather Archer Armor
40:19 Leather Archer Armor
40:41 Heavy Cavalry Archer
42:17 Parthian Tactics
42:41 Thumb Ring
43:09 Ring Archer Armor
49:09 Town Patrol
52:15 Hoardings
51:15 Sappers
52:44 Hoardings
51:41 Sappers
52:49 Hoardings
Connection lost

Rejoining the realm…

Still unreachable

The connection could not be restored.

Session expired

The server has moved on; the page needs a fresh start.